[Event "FRA-ch Youth U20 2018"]
[Site "Agen"]
[Date "2018.04.15"]
[Round "1"]
[White "Aubert, Laurane"]
[Black "Bartels, Karina"]
[Result "1-0"]
[ECO "B23"]
[WhiteElo "1952"]
[BlackElo "1702"]
[Annotator "NA RC"]
[PlyCount "67"]
[EventDate "2018.??.??"]
[EventType "swiss"]
[EventCountry "FRA"]
[SourceTitle "playchess.com"]
[Source "ChessBase"]
[SourceQuality "1"]
[TimeControl "5400+30"]

1. e4 c5 2. Nc3 a6 3. g3 b5 4. Bg2 Bb7 5. a4 b4 6. Nd5 e6 7. Ne3 Nf6 8. d3 d6 9. Ne2 Nc6 10. O-O Be7 $11 11. Nf4 O-O 12. Nc4 d5 13. exd5 exd5 14. Ne3 Na5 15. Re1 Re8 16. d4 c4 17. Bd2 Bf8 18. Qf3 Ne4 19. Rad1 Nc6 20. Bc1 Nf6 21. Nfxd5 Nxd5 22. Qxd5 Na5 23. Qxd8 Raxd8 24. Bxb7 Nxb7 25. Nxc4 Rxd4 26. b3 Rxd1 27. Rxd1 Re2 28. Ne3 Bc5 29. Kf1 Bxe3 30. Kxe2 Bb6 31. Be3 Bxe3 32. Kxe3 Kf8 33. Rd4 a5 34. Rd7 1-0

[Event "FRA-ch Youth U20 2018"]
[Site "Agen"]
[Date "2018.04.15"]
[Round "1"]
[White "Leriche, Ines"]
[Black "Wojnowski, Natalia"]
[Result "1-0"]
[ECO "E90"]
[WhiteElo "1913"]
[BlackElo "1426"]
[Annotator "NA RC"]
[PlyCount "53"]
[EventDate "2018.??.??"]
[EventType "swiss"]
[EventCountry "FRA"]
[SourceTitle "playchess.com"]
[Source "ChessBase"]
[SourceQuality "1"]
[TimeControl "5400+30"]

1. d4 Nf6 2. c4 g6 3. Nc3 Bg7 4. e4 d6 5. Nf3 O-O 6. h3 e5 7. d5 a5 8. Bg5 Na6 9. Be2 Qe8 10. Nd2 h6 {[%emt 0:08:30] LiveBook: 13 Games} 11. Be3 Nh7 12. g4 f5 13. gxf5 gxf5 14. exf5 Bxf5 15. Rg1 Kh8 16. Bh5 Qe7 17. Bg6 Nb4 18. Bxf5 Rxf5 19. Nde4 Raf8 $16 20. Qd2 Qh4 21. a3 Na6 22. O-O-O Rf3 23. Rg4 Qxh3 24. Rdg1 R3f7 25. R4g3 Qh4 26. Rg6 h5 27. Qd1 1-0

[Event "FRA-ch Youth U20 2018"]
[Site "Agen"]
[Date "2018.04.15"]
[Round "1"]
[White "Aouachria, Marwa"]
[Black "Retailleau, Elise"]
[Result "1-0"]
[ECO "B32"]
[WhiteElo "1687"]
[BlackElo "1932"]
[Annotator "NA RC"]
[PlyCount "113"]
[EventDate "2018.??.??"]
[EventType "swiss"]
[EventCountry "FRA"]
[SourceTitle "playchess.com"]
[Source "ChessBase"]
[SourceQuality "1"]
[TimeControl "5400+30"]

1. e4 c5 2. Nf3 Nc6 3. d4 cxd4 4. Nxd4 e5 5. Nb5 d6 6. N1c3 a6 7. Na3 b5 8. Nd5 Nge7 9. Bg5 h6 10. Bxe7 Bxe7 {[%emt 0:02:14] B32: Sicilian: Löwenthal and Kalashnikov Variations} (10... Nxe7 11. c3 Nxd5 12. exd5 Be7 13. Nc2 Bd7 14. Be2 O-O 15. O-O Qb6 16. Kh1 Bg5 17. Nb4 a5 18. Nc6 Bxc6 19. dxc6 Qxc6 {½-½ (30) Khodashenas,M (2404)-Gholami,A (2473) Baghdad 2018}) 11. c3 O-O 12. Nc2 f5 13. Nde3 $146 ({Predecessor:} 13. exf5 Bxf5 14. Nce3 Be6 15. Bd3 Bg5 16. Be4 Bxe3 17. Nxe3 Qh4 18. Qc2 {½-½ (55) Bednay,B (2253)-Horvath,G (2283) Hungary 2005}) 13... Kh8 14. exf5 Bh4 15. g3 Bg5 16. Bg2 Bb7 17. h4 Be7 18. Qh5 Qd7 19. g4 Na5 20. g5 Bxg2 21. gxh6 g6 22. fxg6 Bf3 23. g7+ Kh7 24. g8=Q+ Rxg8 25. Qxf3 Raf8 26. Qe4+ Kh8 27. O-O-O Qe6 28. Nd5 Rxf2 29. Rdg1 Qxh6+ 30. Qe3 Qxe3+ 31. Ncxe3 Rxg1+ 32. Rxg1 Bf8 33. Ng4 Re2 34. Rf1 Bg7 35. Rf2 Rxf2 36. Nxf2 Kh7 37. Ne4 Bf8 38. Nc7 Kg6 39. Nxa6 d5 40. Nf2 Bd6 41. Kc2 Kh5 42. Nd3 e4 43. Ndb4 Kxh4 44. Nxd5 Kg3 45. b3 Kf2 46. Kd2 Bf8 47. Nac7 b4 48. cxb4 Nc6 49. b5 Bh6+ 50. Kd1 Nb8 51. a4 e3 52. Nc3 Bg7 53. Ne2 Be5 54. Nd5 $18 Nd7 55. b4 Kf3 56. a5 Ke4 57. Ne7 1-0

[Event "FRA-ch Youth U20 2018"]
[Site "Agen"]
[Date "2018.04.16"]
[Round "2"]
[White "Retailleau, Elise"]
[Black "Bartels, Karina"]
[Result "1-0"]
[ECO "B23"]
[WhiteElo "1932"]
[BlackElo "1702"]
[Annotator "NA RC"]
[PlyCount "61"]
[EventDate "2018.??.??"]
[EventType "swiss"]
[EventCountry "FRA"]
[SourceTitle "playchess.com"]
[Source "ChessBase"]
[SourceQuality "1"]
[TimeControl "5400+30"]

1. e4 c5 2. Nc3 a6 3. Nf3 b5 4. d4 cxd4 5. Nxd4 Bb7 6. Bd3 {[%emt 0:03:43] LiveBook: 130 Games} e6 ({Find the theoretical novelty and annotate with similar games:} 6... d6 $146 7. Bg5 g6 8. Nd5 Bg7 9. c3 h6 10. Bh4 g5 11. Bg3 e6 12. Nb4 Nf6 13. Qe2 Qb6 14. h4 {½-½ (33) Antipov,M (2586)-Iturrizaga Bonelli,E (2671) Dubai 2017}) 7. O-O Nf6 8. e5 b4 9. exf6 bxc3 10. fxg7 Bxg7 11. bxc3 Qh4 12. Rb1 Bd5 13. Re1 Bxd4 14. cxd4 Rg8 15. Bf1 Bxg2 16. Bxg2 Qh3 17. Rxe6+ fxe6 18. Qf1 Nc6 19. Kh1 Qg4 20. d5 Rb8 21. Rxb8+ Nxb8 22. h3 Qg6 23. Bf4 Kf7 24. c4 Qf5 25. Bg3 Re8 26. Qe2 e5 27. Kh2 Kg7 28. Be4 Qg5 29. h4 Qe7 30. Qh5 Kh8 31. d6 1-0

[Event "FRA-ch Youth U20 2018"]
[Site "Agen"]
[Date "2018.04.16"]
[Round "2"]
[White "Aouachria, Marwa"]
[Black "Aubert, Laurane"]
[Result "0-1"]
[ECO "B40"]
[WhiteElo "1687"]
[BlackElo "1952"]
[Annotator "NA RC"]
[PlyCount "126"]
[EventDate "2018.??.??"]
[EventType "swiss"]
[EventCountry "FRA"]
[SourceTitle "playchess.com"]
[Source "ChessBase"]
[SourceQuality "1"]
[TimeControl "5400+30"]

1. e4 c5 2. Nf3 e6 3. d4 cxd4 4. Nxd4 Nf6 5. Nc3 Nc6 6. Ndb5 Bb4 7. a3 Bxc3+ 8. Nxc3 d5 9. exd5 exd5 10. Bg5 d4 ({Better is} 10... O-O 11. Be2 Bf5) 11. Qe2+ Be6 12. Ne4 {[%emt 0:08:21] B45: Sicilian Four Knights} Qa5+ {[%emt 0:01:54] LiveBook: 3 Games} 13. Bd2 Qe5 14. Ng5 (14. Nxf6+ Qxf6 15. Qe4 Qe5 16. Bd3 Bd5 17. Qxe5+ Nxe5 18. O-O Nxd3 19. cxd3 Kd7 {½-½ (31) Ashwin,J (2436)-Kogan,A (2569) Helsingor 2008}) 14... Bd5 15. Qxe5+ Nxe5 16. Bb5+ Nc6 17. O-O $146 ({Predecessor:} 17. O-O-O O-O-O 18. Bxc6 bxc6 19. Ba5 Rd7 20. Rxd4 {1-0 (41) Sott,P (2211)-Spurny,O (2055) Tatranske Zruby 2009}) 17... O-O 18. Rfe1 a6 19. Bd3 Rfe8 20. c4 Be6 21. b4 h6 22. Ne4 (22. Nxe6 $16 Rxe6 23. Rxe6 fxe6 24. Re1) 22... Nxe4 (22... Ne5 $11 {remains equal.} 23. Nxf6+ gxf6) 23. Rxe4 Red8 24. Re2 Rac8 25. Rc1 Ne7 $1 $11 {[%emt 0:03:36] keeps the balance.} 26. Re5 Nc6 27. Re2 ({Better is} 27. Ree1 $16) 27... Nb8 28. f4 Bg4 29. Ree1 Bd7 30. f5 f6 (30... Ba4 $142) 31. b5 Be8 32. Re7 ({Better is} 32. Ba5 $16) 32... Nd7 (32... axb5 $14 33. cxb5 Rxc1+ 34. Bxc1 Nd7) 33. bxa6 Nc5 (33... bxa6 $16 34. Ba5 Kf8 35. Bxd8 Rxd8) 34. axb7 Rb8 35. Be2 ({Much less strong is} 35. Ba5 $6 Rd7 $16) 35... Rxb7 36. Rxb7 Nxb7 37. Bf3 Nc5 38. Bd5+ (38. Bb4 $16 Nd3 39. Rd1) 38... Bf7 $1 39. Bxf7+ Kxf7 40. Re1 Rc8 41. Bb4 Rc7 (41... Nd3 $1 $11 42. Re7+ Kg8) 42. Rd1 Nb3 43. Rd3 (43. c5 $16) 43... Nc1 44. Rd1 Rxc4 45. Kf1 Na2 46. Bd6 Nc3 47. Rd3 $1 Ne4 48. Bb4 g6 49. fxg6+ Kxg6 50. Ke2 Kf5 51. Rf3+ ({White should play} 51. Rh3 $1 $14) 51... Ke5 52. Rh3 Rc2+ 53. Kf1 $2 (53. Kd3 $11 Rxg2 54. Rxh6) 53... Rc1+ (53... Rf2+ $19 54. Kg1 Ra2) 54. Ke2 Rg1 55. g3 $2 d3+ $11 (55... Rg2+ $19 56. Kf1 Rf2+ 57. Kg1 d3 58. Rxh6 Rb2 59. Rh5+ Ke6) 56. Ke3 Rd1 57. Rxh6 d2 58. Kd3 Rg1 59. Bxd2 Rd1 60. Rh4 Rxd2+ 61. Ke3 Rd4 62. Rh8 Nd6 63. Rd8 Nc4+ 0-1

[Event "FRA-ch Youth U20 2018"]
[Site "Agen"]
[Date "2018.04.16"]
[Round "2"]
[White "Guigue, Marie-Celine"]
[Black "Leriche, Ines"]
[Result "0-1"]
[ECO "B12"]
[WhiteElo "1288"]
[BlackElo "1913"]
[Annotator "NA RC"]
[PlyCount "60"]
[EventDate "2018.??.??"]
[EventType "swiss"]
[EventCountry "FRA"]
[SourceTitle "playchess.com"]
[Source "ChessBase"]
[SourceQuality "1"]
[TimeControl "5400+30"]

1. e4 c6 2. d4 d5 3. e5 c5 4. Nf3 Bg4 5. Be2 Nc6 6. c3 e6 {[%emt 0:01:04] B12: Caro-Kann: Advance Variation} 7. Be3 Nge7 8. Nbd2 Nf5 9. h3 Bxf3 10. Nxf3 cxd4 $146 ({Predecessor:} 10... Qb6 11. Qd2 cxd4 12. Bxd4 Nfxd4 13. Nxd4 Bc5 14. O-O-O Nxe5 15. Rhe1 O-O 16. f4 Nc6 17. Nxc6 Be3 {0-1 (17) Balducchi,F-Landa,K (2678) Ajaccio 2007}) 11. Bxd4 Nfxd4 12. Nxd4 Nxe5 13. Qa4+ Nd7 14. Nf3 Bd6 15. Bb5 a6 16. Bxd7+ Qxd7 17. Qxd7+ Kxd7 18. Rd1 Rac8 19. O-O Rc7 20. Rd3 h6 21. Rc1 Rhc8 22. b3 b5 23. b4 {[%emt 0:01:54] [#]} Bxb4 $1 24. Rd2 Rxc3 25. Rxc3 Rxc3 26. Ne5+ Ke8 27. Re2 Bd6 28. Nf3 Rc1+ 29. Re1 Rxe1+ 30. Nxe1 Kd7 $19 0-1

[Event "FRA-ch Youth U20 2018"]
[Site "Agen"]
[Date "2018.04.16"]
[Round "3"]
[White "Leriche, Ines"]
[Black "Retailleau, Elise"]
[Result "1-0"]
[ECO "D35"]
[WhiteElo "1913"]
[BlackElo "1932"]
[Annotator "NA RC"]
[PlyCount "65"]
[EventDate "2018.??.??"]
[EventType "swiss"]
[EventCountry "FRA"]
[SourceTitle "playchess.com"]
[Source "ChessBase"]
[SourceQuality "1"]
[TimeControl "5400+30"]

1. d4 d5 2. c4 e6 3. Nc3 Nf6 4. cxd5 exd5 5. Bg5 Be7 6. e3 c6 7. Bd3 Bg4 {[%emt 0:01:11] LiveBook: 112 Games} 8. Qc2 Bh5 $14 9. h3 Bg6 10. Nf3 Nbd7 11. O-O Bxd3 12. Qxd3 O-O 13. Rfc1 Re8 14. Na4 Bd6 15. Nd2 h6 16. Bxf6 Qxf6 17. Rab1 Qe7 18. Nb3 Rac8 19. Nbc5 Nf6 20. a3 Bb8 21. b4 Qc7 22. g3 a6 23. Nc3 h5 24. h4 Ng4 25. Qf5 Nf6 26. a4 Qe7 27. b5 g6 28. Qf3 Nd7 29. Nxb7 Ne5 30. dxe5 Qxb7 31. bxc6 Qa7 32. Rb7 Qc5 33. Qxf7+ 1-0

[Event "FRA-ch Youth U20 2018"]
[Site "Agen"]
[Date "2018.04.16"]
[Round "3"]
[White "Fretel, Liza"]
[Black "Guigue, Marie-Celine"]
[Result "1-0"]
[ECO "A00"]
[WhiteElo "1849"]
[BlackElo "1288"]
[Annotator "NA RC"]
[PlyCount "41"]
[EventDate "2018.??.??"]
[EventType "swiss"]
[EventCountry "FRA"]
[SourceTitle "playchess.com"]
[Source "ChessBase"]
[SourceQuality "1"]
[TimeControl "5400+30"]

1. e3 e5 2. c4 c5 3. Nc3 Nc6 4. Nf3 d6 5. Be2 Nf6 (5... f5 $11) 6. O-O Be7 {[%emt 0:00:38] LiveBook: 4 Games} 7. Qc2 Be6 $14 8. a3 Qd7 9. Rb1 a6 10. b4 b6 11. Rd1 e4 12. Ng5 Bf5 13. Ngxe4 Nxe4 14. Nxe4 O-O 15. Bd3 Bxe4 16. Bxe4 Rac8 17. Bf5 Qc7 18. Bb2 Rce8 19. Bxh7+ Kh8 20. Qf5 Qc8 21. Qh5 1-0

[Event "FRA-ch Youth U20 2018"]
[Site "Agen"]
[Date "2018.04.16"]
[Round "3"]
[White "Azan, Sarah"]
[Black "Aouachria, Marwa"]
[Result "0-1"]
[ECO "B22"]
[WhiteElo "1381"]
[BlackElo "1687"]
[Annotator "NA RC"]
[PlyCount "40"]
[EventDate "2018.??.??"]
[EventType "swiss"]
[EventCountry "FRA"]
[SourceTitle "playchess.com"]
[Source "ChessBase"]
[SourceQuality "1"]
[TimeControl "5400+30"]

1. e4 c5 2. c3 d5 3. exd5 Qxd5 4. d4 Nc6 5. Nf3 Bg4 6. Be2 Nf6 7. O-O e6 8. Be3 cxd4 9. Bxd4 Nxd4 10. Nxd4 Bxe2 11. Qxe2 a6 12. Nd2 Bd6 13. N2f3 O-O 14. Rfd1 Qh5 15. Qc4 Nd5 16. Qd3 Nf4 17. Qc2 Bc5 18. b4 Ba7 19. Qe4 Qg4 20. g3 Nh3+ 0-1

[Event "FRA-ch Youth U20 2018"]
[Site "Agen"]
[Date "2018.04.17"]
[Round "4"]
[White "Philippe, Guillaume"]
[Black "Albaric, Etienne"]
[Result "1-0"]
[ECO "B50"]
[WhiteElo "2372"]
[BlackElo "2202"]
[Annotator "NA"]
[PlyCount "40"]
[EventDate "2018.??.??"]
[EventType "swiss"]
[EventCountry "FRA"]
[SourceTitle "playchess.com"]
[Source "ChessBase"]
[SourceQuality "1"]
[TimeControl "5400+30"]

1. e4 c5 2. Nf3 d6 3. c3 Nf6 4. Be2 g6 5. O-O Bg7 6. Re1 O-O 7. Bf1 Nc6 8. h3 $11 {[%emt 0:02:22] LiveBook: 194 Games} a6 9. a3 b6 10. b4 Bb7 11. Bb2 e5 12. d3 Re8 13. Nbd2 Rc8 14. Qb3 Qc7 15. Nc4 d5 16. exd5 Nxd5 17. bxc5 bxc5 18. Ng5 Nce7 19. a4 Rb8 20. Ba3 Bc8 1-0

[Event "FRA-ch Youth U20 2018"]
[Site "Agen"]
[Date "2018.04.17"]
[Round "4"]
[White "Meunier, Clement"]
[Black "Grimault, Nathan"]
[Result "0-1"]
[ECO "B06"]
[WhiteElo "2370"]
[BlackElo "2016"]
[Annotator "NA"]
[PlyCount "164"]
[EventDate "2018.??.??"]
[EventType "swiss"]
[EventCountry "FRA"]
[SourceTitle "playchess.com"]
[Source "ChessBase"]
[SourceQuality "1"]
[TimeControl "5400+30"]

1. e4 g6 2. d4 Bg7 3. Nc3 d6 4. Bg5 c5 5. dxc5 {[%emt 0:15:56] LiveBook: 36 Games} Qa5 6. Qd2 Qxc5 $14 7. Nd5 Be6 8. O-O-O Bxd5 9. exd5 Nf6 10. Be3 Qc7 11. Bb5+ Nbd7 12. f3 a6 13. Bxd7+ Qxd7 14. g4 Rc8 15. Ne2 O-O 16. h4 Qa4 17. Nc3 Rxc3 18. Qxc3 Nxd5 19. Qb3 Qxb3 20. axb3 Nxe3 21. Rde1 Bd4 22. c3 Bb6 23. Kd2 Nd5 24. h5 g5 25. Re2 e6 26. Re4 Kg7 27. Ra1 Kf6 28. Raa4 Rc8 29. Rac4 Rd8 30. Re1 Bf2 31. Re2 Ba7 32. Re1 Ke7 33. Ra1 Kd7 34. b4 Nc7 35. Re4 d5 36. Re2 Kc6 37. Rf1 Nb5 38. f4 gxf4 39. Rxf4 Nd6 40. Kc2 Rg8 41. b3 b5 42. Kd3 Rg5 43. Ra2 Kb7 44. Ke2 f5 45. gxf5 Rg2+ 46. Kd3 Rxa2 47. fxe6 Rf2 48. Rg4 Rf3+ 49. Kc2 Nf5 50. Rg8 Re3 51. Rf8 Nd6 52. Rh8 Rxe6 53. Rxh7+ Ka8 54. Kd3 Nf5 55. Rf7 Nd6 56. Rh7 Re3+ 57. Kc2 Rh3 58. h6 Bb8 59. Kb2 Nf5 60. Rd7 Rxh6 61. Rxd5 Ne7 62. Rd7 Nc6 63. Rd3 Kb7 64. Re3 Rh2+ 65. Kb1 Bc7 66. Rd3 a5 67. Rd5 Kb6 68. bxa5+ Nxa5 69. c4 bxc4 70. bxc4 Nxc4 71. Rf5 Be5 72. Kc1 Kc5 73. Rf8 Kd4 74. Kb1 Kd3 75. Rf3+ Ne3 76. Rf8 Bd4 77. Rg8 Nd5 78. Rg3+ Be3 79. Ka1 Re2 80. Rh3 Nb4 81. Rg3 Kc4 82. Kb1 Kb3 0-1

[Event "FRA-ch Youth U20 2018"]
[Site "Agen"]
[Date "2018.04.17"]
[Round "4"]
[White "Haussernot, Cecile"]
[Black "Leriche, Ines"]
[Result "1-0"]
[ECO "B01"]
[WhiteElo "2165"]
[BlackElo "1913"]
[Annotator "NA"]
[PlyCount "55"]
[EventDate "2018.??.??"]
[EventType "swiss"]
[EventCountry "FRA"]
[SourceTitle "playchess.com"]
[Source "ChessBase"]
[SourceQuality "1"]
[TimeControl "5400+30"]

1. e4 d5 2. exd5 Qxd5 3. Nc3 Qd6 4. d4 Nf6 {[%emt 0:00:18] LiveBook: 3425 Games} 5. Bd3 Bg4 6. f3 Bh5 7. Nge2 Nc6 8. Be3 e6 9. Qd2 Qd7 $14 10. a3 a6 11. O-O Be7 12. Rad1 O-O 13. Qe1 Rad8 14. Qg3 Bg6 15. Ne4 Nh5 16. Qh3 e5 17. g4 Nxd4 18. Bxd4 exd4 19. f4 Bxe4 20. Bxe4 Qe6 21. Bf5 Qxe2 22. Rde1 Qc4 23. Rxe7 Qc5 24. Qxh5 d3+ 25. Kh1 g6 26. Bxg6 Qxh5 27. Bxh5 dxc2 28. g5 1-0

[Event "FRA-ch Youth U20 2018"]
[Site "Agen"]
[Date "2018.04.17"]
[Round "4"]
[White "Karapetian, Rouben"]
[Black "Ek, Alexandre"]
[Result "0-1"]
[ECO "E21"]
[WhiteElo "2026"]
[BlackElo "2222"]
[Annotator "NA"]
[PlyCount "72"]
[EventDate "2018.??.??"]
[EventType "swiss"]
[EventCountry "FRA"]
[SourceTitle "playchess.com"]
[Source "ChessBase"]
[SourceQuality "1"]
[TimeControl "5400+30"]

1. d4 Nf6 2. Nf3 e6 3. c4 b6 4. Nc3 Bb4 5. e3 Ne4 6. Qc2 {[%emt 0:00:42] LiveBook: 134 Games} Bb7 7. Bd3 f5 8. O-O Bxc3 9. bxc3 $11 O-O 10. Nd2 Nxd2 11. Bxd2 Nc6 12. e4 Qf6 13. exf5 exf5 14. c5 Kh8 15. cxb6 axb6 16. Bf4 d6 17. Rae1 Qf7 18. Re2 Ba6 19. Bxa6 Rxa6 20. Rfe1 h6 21. Bc1 Raa8 22. f3 Rae8 23. Kf2 Rxe2+ 24. Rxe2 Kg8 25. Qd3 Qd5 26. Qe3 Kf7 27. h4 Ra8 28. a3 Kg8 29. Qf4 Qf7 30. Qd2 Na5 31. d5 Nb3 32. Qc2 Nxc1 33. Qxc1 Qxd5 34. Qe3 Qf7 35. Qc1 Qc4 36. Qe3 Qxh4+ 0-1

[Event "FRA-ch Youth U20 2018"]
[Site "Agen"]
[Date "2018.04.17"]
[Round "4"]
[White "Retailleau, Elise"]
[Black "Azan, Sarah"]
[Result "*"]
[WhiteElo "1932"]
[BlackElo "1381"]
[Annotator "NA"]
[PlyCount "21"]
[EventDate "2018.??.??"]
[EventType "swiss"]
[EventCountry "FRA"]
[SourceTitle "playchess.com"]
[Source "ChessBase"]
[SourceQuality "1"]
[TimeControl "5400+30"]

1. e4 c6 2. d4 d5 3. Nc3 dxe4 4. Nxe4 Bf5 5. Ng3 Bg6 6. h4 h6 7. Nh3 e6 8. Nf4 Bh7 9. Bc4 {[%emt 0:01:18] LiveBook: 119 Games} Nd7 10. Be3 Qb6 11. Bb3 $11 *

[Event "FRA-ch Youth U20 2018"]
[Site "Agen"]
[Date "2018.04.17"]
[Round "4"]
[White "Fretel, Liza"]
[Black "Aubert, Laurane"]
[Result "0-1"]
[ECO "B40"]
[WhiteElo "1849"]
[BlackElo "1952"]
[Annotator "NA"]
[PlyCount "126"]
[EventDate "2018.??.??"]
[EventType "swiss"]
[EventCountry "FRA"]
[SourceTitle "playchess.com"]
[Source "ChessBase"]
[SourceQuality "1"]
[TimeControl "5400+30"]

1. e4 c5 2. Nf3 e6 3. d4 cxd4 4. Nxd4 Nf6 5. Nc3 Nc6 6. g3 Bb4 7. Bg2 {[%emt 0:02:17] LiveBook: 71 Games} d5 8. O-O ({Better is} 8. exd5 $1 $14 exd5 9. O-O) 8... O-O $14 (8... Bxc3 $5 9. bxc3 Nxe4 $11) 9. Bg5 h6 10. Bf4 Re8 11. e5 Nd7 12. Nxc6 bxc6 13. Qg4 f5 14. Qg6 Nf8 15. Qh5 Ba6 16. Rfd1 Kh7 17. Bd2 Nd7 18. Re1 Rc8 19. g4 fxg4 20. Qxg4 Qe7 21. Nxd5 cxd5 22. Bxb4 Qf7 23. Rac1 Rc4 24. Qe2 Nxe5 25. Qxe5 Rxb4 26. Qd6 Rb6 27. Qe5 Rb4 28. Qd6 Rb6 29. Qe5 Rf8 30. Qd4 Rc6 31. b3 Rc7 32. c4 dxc4 33. bxc4 Rxc4 34. Rxc4 Bxc4 35. Qd2 Bd5 36. Re3 Qg6 37. Qd3 Rf5 38. Rg3 Rg5 39. Qxg6+ Kxg6 40. a3 Bxg2 41. Kxg2 Rxg3+ 42. fxg3 Kf5 43. Kf3 Ke5 44. Ke3 Kd5 45. h4 g6 46. Kd3 Ke5 47. Ke3 Kf5 48. h5 g5 49. Kf3 g4+ 50. Ke3 Ke5 51. Kd3 Kd5 52. Ke3 e5 53. Kd3 e4+ 54. Kc3 Kc5 55. a4 a5 56. Kd2 Kb4 57. Ke3 Kxa4 58. Kxe4 Kb3 59. Kf5 a4 60. Kg6 a3 61. Kxh6 a2 62. Kh7 a1=Q 63. h6 Qf6 0-1

[Event "FRA-ch Youth U20 2018"]
[Site "Agen"]
[Date "2018.04.17"]
[Round "4"]
[White "Wojnowski, Natalia"]
[Black "Aouachria, Marwa"]
[Result "0-1"]
[ECO "B23"]
[WhiteElo "1426"]
[BlackElo "1687"]
[Annotator "NA"]
[PlyCount "56"]
[EventDate "2018.??.??"]
[EventType "swiss"]
[EventCountry "FRA"]
[SourceTitle "playchess.com"]
[Source "ChessBase"]
[SourceQuality "1"]
[TimeControl "5400+30"]

1. e4 c5 2. Nc3 Nc6 3. f4 e6 4. Nf3 Nge7 5. Bb5 g6 6. O-O Bg7 7. d3 Nd4 8. f5 exf5 9. Bc4 O-O 10. Bg5 fxe4 11. Nd5 Ndc6 12. dxe4 h6 13. Bf6 Bxf6 14. Nxf6+ Kg7 15. Nd5 Nxd5 16. Qxd5 d6 17. Ng5 hxg5 18. Rxf7+ Rxf7 19. Qxf7+ Kh6 20. Rf1 Ne5 21. Qd5 Bd7 22. Be2 Bc6 23. Qd1 Bxe4 24. c4 Qe7 25. Qb3 Rf8 26. Re1 Rf4 27. Bf3 Bxf3 28. gxf3 Nxf3+ 0-1

[Event "FRA-ch Youth U20 2018"]
[Site "Agen"]
[Date "2018.04.18"]
[Round "5"]
[White "Ek, Alexandre"]
[Black "Bol, Frederic"]
[Result "1-0"]
[ECO "B22"]
[WhiteElo "2222"]
[BlackElo "2194"]
[Annotator "NA"]
[PlyCount "65"]
[EventDate "2018.??.??"]
[EventType "swiss"]
[EventCountry "FRA"]
[SourceTitle "playchess.com"]
[Source "ChessBase"]
[SourceQuality "1"]
[TimeControl "5400+30"]

1. e4 c5 2. c3 Nf6 3. e5 Nd5 4. d4 cxd4 5. Nf3 Nc6 6. cxd4 d6 7. Bc4 e6 8. O-O Be7 9. Qe2 {[%emt 0:00:35] LiveBook: 1274 Games} O-O 10. Qe4 Qc7 11. Na3 dxe5 12. Nb5 $11 Qb6 13. dxe5 a6 14. Nc3 Nxc3 15. bxc3 Rd8 16. Ng5 g6 17. Qh4 h5 18. Qe4 Qc5 19. Bf4 Nxe5 20. Bxe5 Bxg5 21. Rad1 Qc6 22. Rxd8+ Bxd8 23. Qf4 g5 24. Qd4 Qd7 25. Qe4 f6 26. Bd4 Qe8 27. f4 g4 28. f5 Kg7 29. fxe6 Qg6 30. Qd5 Be7 31. Bd3 Qh6 32. Qe4 a5 33. Be3 1-0

[Event "FRA-ch Youth U20 2018"]
[Site "Agen"]
[Date "2018.04.18"]
[Round "5"]
[White "Grezels, Florian"]
[Black "Duquesne, Adrien"]
[Result "0-1"]
[ECO "B90"]
[WhiteElo "2181"]
[BlackElo "2209"]
[Annotator "NA"]
[PlyCount "135"]
[EventDate "2018.??.??"]
[EventType "swiss"]
[EventCountry "FRA"]
[SourceTitle "playchess.com"]
[Source "ChessBase"]
[SourceQuality "1"]
[TimeControl "5400+30"]

1. e4 c5 2. Nf3 d6 3. d4 cxd4 4. Nxd4 Nf6 5. Nc3 a6 6. Be3 e6 7. f3 b5 8. Qd2 Nbd7 9. g4 h6 10. O-O-O b4 {[%emt 0:00:07] B80: Sicilian Scheveningen: 6 g3 and 6 Be3, including English Attack} 11. Na4 Ne5 {[%emt 0:00:24] LiveBook: 150 Games} 12. Qxb4 (12. Kb1 Bd7 13. b3 Bxa4 14. bxa4 Qc7 15. Be2 Be7 16. h4 Nc4 17. Bxc4 Qxc4 18. Qd3 {1-0 (49) Caruana,F (2802)-Hou,Y (2652) chess.com INT 2017}) 12... Bd7 $1 13. Nb6 ({White should try} 13. Nc3 $11) 13... Rb8 14. Nb3 Nc6 15. Qc4 Rxb6 16. Bxb6 Qxb6 17. Qxa6 {[%emt 0:01:23] [#]} Qc7 $146 18. Bb5 Nb8 19. Bxd7+ Nfxd7 20. Qa5 Qc4 $14 ({Black should play} 20... Qb7 $11) 21. Rd3 Qa6 22. Rc3 Be7 23. Qxa6 Nxa6 24. Rc8+ Bd8 25. Rc6 Nab8 26. Rxd6 h5 27. a4 hxg4 28. fxg4 Ke7 29. Rdd1 Nc6 30. Nd4 Nde5 31. Nxc6+ Nxc6 32. h3 Bc7 33. c3 Be5 34. Kc2 Rc8 35. Rhe1 Nd4+ 36. Kb1 Nb3 37. Kc2 Na5 38. Re3 g5 39. b4 Nc4 40. Red3 Nd6 41. Re1 Rc4 42. Kb3 Rc8 43. a5 Kd7 44. c4 Kc7 45. Red1 Nxe4 46. Rd7+ Kb8 47. a6 Rc7 48. Rxc7 Bxc7 49. b5 Bb6 50. Kb4 f5 51. gxf5 exf5 52. Rd7 Be3 53. Rf7 f4 54. b6 Bxb6 55. Rb7+ Ka8 56. Rxb6 f3 57. Rb7 Nd6 58. Rd7 f2 59. Rd8+ Ka7 60. Rf8 Ne4 61. Ka5 Nd2 62. Rf7+ Ka8 63. Rxf2 Nxc4+ 64. Kb5 Nd6+ 65. Kc6 Nc4 66. Rg2 Ne5+ 67. Kd5 Nf7 68. Ke6 0-1

[Event "FRA-ch Youth U20 2018"]
[Site "Agen"]
[Date "2018.04.18"]
[Round "5"]
[White "Aubert, Laurane"]
[Black "Leriche, Ines"]
[Result "0-1"]
[ECO "B01"]
[WhiteElo "1952"]
[BlackElo "1913"]
[Annotator "NA"]
[PlyCount "102"]
[EventDate "2018.??.??"]
[EventType "swiss"]
[EventCountry "FRA"]
[SourceTitle "playchess.com"]
[Source "ChessBase"]
[SourceQuality "1"]
[TimeControl "5400+30"]

1. e4 d5 2. exd5 Qxd5 3. Nc3 Qd6 4. Bc4 Nf6 5. d4 a6 6. Nf3 b5 7. Bb3 Bb7 8. O-O Nbd7 {[%emt 0:02:25] [#]} 9. Ng5 $1 e6 {[%emt 0:29:57] [#]} 10. Re1 $18 b4 11. Nxf7 Kxf7 12. Rxe6 Qxe6 13. Bxe6+ Kxe6 14. Qe2+ Kf7 15. Qc4+ Ke8 16. Na4 Bd6 17. Bg5 Bd5 18. Qd3 Kf7 19. c4 Be4 20. Qb3 c5 21. d5 Rhe8 22. Qh3 Bg6 23. Be3 Re4 24. b3 Rae8 25. Rf1 Bh5 26. g3 Be2 27. Rc1 Bg4 28. Qg2 Ne5 29. h3 Bf3 30. Qf1 Ned7 31. Nb2 Nh5 32. Re1 Kg8 33. Bd2 Be2 34. Qg2 R4e7 35. Kh2 Nhf6 36. Be3 Bh5 37. Nd3 Bg6 38. Nc1 Ne5 39. Rd1 Be4 40. Qf1 h5 41. h4 Nfg4+ 42. Kh3 Bf5 43. Kg2 Be4+ 44. Kh3 Bf3 45. Rd2 Be4 46. Bf4 Nf3 47. Bxd6 Nxd2 48. Qe2 Bg2+ 49. Kxg2 Rxe2 50. Nxe2 Rxe2 51. Bxc5 Kf7 0-1